 Dungeon Crawl Stone Soup version 0.30-a0-304-gdc4b735fe1 (webtiles) character file.

Game seed: 11460690036592776702

115 IdlyInterested the Trooper (level 4, -1/57 HPs)
             Began as a Demonspawn Wanderer on Oct 20, 2022.
             Slain by an orc
             ... wielding a +0 short sword
              (4 damage)
             ... on level 3 of the Dungeon.
             The game lasted 00:07:08 (2199 turns).

IdlyInterested the Trooper (Demonspawn Wanderer)    Turns: 2199, Time: 00:07:08

Health: -1/57      AC:  9    Str: 14    XL:     4   Next: 68%
Magic:  4/4        EV: 10    Int: 12    God:
Gold:   155        SH:  0    Dex: 14    Spells: 3/3 levels left

rFire   . . .      SeeInvis .    m - +3 whip (venom)
rCold   . . .      Faith    .    k - orb {*Rage}
rNeg    . . .      Spirit   .    i - +1 ring mail
rPois   .          Reflect  .    (no helmet)
rElec   .          Harm     .    (no cloak)
rCorr   .          Rampage  .    (no gloves)
Will    .....      Rage     20%  s - +2 pair of boots
Stlth   ..........               (no amulet)
HPRegen 0.29/turn                (no ring)
MPRegen 0.09/turn                (no ring)

@: berserking, lethally poisoned (-1 -> -7), very quick
A: hooves 2
a: no special abilities


You were on level 3 of the Dungeon.
You visited 1 branch of the dungeon, and saw 3 of its levels.

You collected 155 gold pieces.

Inventory:

Hand Weapons
 a - a +3 dagger
 j - a +0 hand axe
 m - a +3 whip of venom (weapon)
Missiles
 b - a curare-tipped dart
 f - 27 stones (quivered)
 l - 6 poisoned darts
Armour
 i - a +1 ring mail (worn)
 k - an orb of wrath (worn)
 s - a +2 pair of boots (worn)
Wands
 e - a wand of quicksilver (9)
Scrolls
 o - 2 scrolls of vulnerability {unknown}
 p - a scroll of fog {unknown}
 u - a scroll of amnesia
Potions
 c - a potion of curing
 d - 3 potions of lignification
 g - a potion of haste
 n - a potion of brilliance
 q - 2 potions of magic
 r - a potion of heal wounds


   Skills:
 * Level 4.8 Fighting
 - Level 4.5 Throwing
 - Level 1.0 Armour
 + Level 0.6 Dodging
 - Level 2.0 Stealth
 - Level 1.0 Unarmed Combat


You had 3 spell levels left.
You didn't know any spells.
Your spell library contained the following spells:

 Spells                   Type           Power      Damage    Failure   Level
 Summon Small Mammal      Summ           0%         N/A       56%         1
 Call Canine Familiar     Summ           0%         N/A       90%         3
 Dazzling Flash           Conj/Hex       0%         N/A       90%         3
 Summon Guardian Golem    Hex/Summ       0%         N/A       90%         3
 Iskenderun's Mystic Bla  Conj/Tloc      0%         2d3       100%        4
 Starburst                Conj/Fire      0%         6d3       100%        6


Dungeon Overview and Level Annotations

Branches:
Dungeon (3/15)

Altars:


Innate Abilities, Weirdness & Mutations

You have hoof-like feet.


Message History

The orc hits you but does no damage. The orc misses you.
The orc hits you but does no damage.
You barely miss the orc.
You feel sick. The orc hits you but does no damage.
The orc hits you with a +0 mace. The orc hits you but does no damage.
You are more poisoned.
You barely miss the orc.
You feel very sick. The orc closely misses you.
The orc hits you with a +0 whip of venom.
You are more poisoned.
The orc hits you but does no damage.
You hit the orc.
The orc is poisoned.
The orc is heavily wounded.
You feel very sick. The orc hits you with a +0 short sword.
The orc barely misses you.
The orc closely misses you. x3; The orc hits you with a +0 mace.
A red film seems to cover your vision as you go berserk!
You feel yourself moving faster!
You feel mighty!
You whack the orc!
You kill the orc!
You feel very sick. The orc hits you with a +0 mace.
* * * LOW HITPOINT WARNING * * *
The orc hits you but does no damage.
You closely miss the orc.
* * * LOW HITPOINT WARNING * * *
You feel sick.
You whack the orc!
You kill the orc!
* * * LOW HITPOINT WARNING * * *
You feel sick. The orc hits you with a +0 short sword.
* * * LOW HITPOINT WARNING * * *
You closely miss the orc.
* * * LOW HITPOINT WARNING * * *
You feel sick. The orc hits you with a +0 short sword.
* * * LOW HITPOINT WARNING * * *
You are too berserk!
You completely miss the orc.
* * * LOW HITPOINT WARNING * * *
You feel sick. The orc hits you with a +0 short sword.
You die...

. #######.#
#.......#
#.......#
#.......#
#.......###
#.$.......>
#..o....#
#..@)...#
#..))...#
#.......#
#########


You could see an orc.

Vanquished Creatures
  4 adders (D:2)
  A worm (D:2)
  2 dart slugs (D:2)
  3 orcs (D:3)
  6 bats
  9 endoplasms
  A giant cockroach (D:1)
  3 goblins (D:2)
  7 hobgoblins
  4 jackals (D:2)
  5 kobolds
  3 quokkas
  11 ball pythons
  2 frilled lizards
  A rat (D:1)
62 creatures vanquished.

Notes
Turn   | Place    | Note
-------+----------+-------------------------------------------
     0 | D:1      | IdlyInterested the Demonspawn Wanderer began the quest for
                  | the Orb.
     0 | D:1      | IdlyInterested set off with the following items: a +3
                  | dagger, a curare-tipped dart, a potion of curing, a potion
                  | of lignification, a +0 leather armour.
     0 | D:1      | Reached XP level 1. HP: 18/18 MP: 1/1
   243 | D:1      | Found a faded altar of an unknown god.
   487 | D:1      | Gained mutation: You have large cloven feet. [demonic
                  | ancestry]
   487 | D:1      | Reached XP level 2. HP: 24/24 MP: 2/2
   778 | D:1      | Reached skill level 1 in Stealth
  1060 | D:1      | You fall into a shaft and drop 1 floor!
  1239 | D:2      | Reached XP level 3. HP: 30/30 MP: 3/3
  1477 | D:2      | Gained mutation: You have hoof-like feet. [demonic
                  | ancestry]
  1477 | D:2      | Reached XP level 4. HP: 38/38 MP: 4/4
  2199 | D:3      | Slain by an orc

Illustrated notes

Levels and vault maps discovered:
D:1:      shiori_arrival_elements, layout_basic,
          shapermc_ecumenical_altar_notcrosses
D:2:      minmay_razor_zed, layout_rooms, minmay_misc_feat_more_columns
D:3:      layout_rooms, serial_shops, nicolae_shop_waterfront,
          chequers_serial_rivers_micro_b

Skill      XL: |  1  2  3  4 |
---------------+-------------+-----
Stealth        | 1 2 |  2.0
Fighting       | 4 |  4.8
Throwing       | |  4.5
Armour         | |  1.0
Dodging        | |  0.6
Unarmed Combat | |  1.0

Action                   |  1- 3 |  4- 6 || total
-------------------------+-------+-------++-------
Melee: Dagger            |    78 |     1 ||    79
       Kick              |    10 |     9 ||    19
       Whip              |       |    42 ||    42
  Use: Scroll            |     8 |     1 ||     9
       Potion            |     1 |       ||     1
 Stab: Sleeping          |       |     1 ||     1
Armor: Leather armour    |     4 |       ||     4
       Ring mail         |    32 |    20 ||    52
Dodge: Dodged            |    40 |    22 ||    62

Table legend: (Time is in decaauts)
 A = Elapsed time spent in this place.
 B = Non-inter-level travel time spent in this place.
 C = Inter-level travel time spent in this place.
 D = Time resting spent in this place.
 E = Time spent auto-exploring this place.
 F = Levels seen in this place.
 G = Mean time per level.
                   A        B        C        D        E       F      G
               +--------+--------+--------+--------+--------+-----+--------+
         Total |   2316 |   1972 |    344 |     67 |   1334 |   3 |  772.0 |
       Dungeon |   2316 |   1972 |    344 |     67 |   1334 |   3 |  772.0 |
               +--------+--------+--------+--------+--------+-----+--------+

Top non-repeatable levels by time:
     D:1: 1307 daAuts
     D:2: 941 daAuts
     D:3: 68 daAuts
